 Dungeon Crawl Stone Soup version 0.30-a0-719-gcc4359ea44 (webtiles) character file.

Game seed: 12091111880916164984

480 lunkers the Conjurer (level 7, -16/7 (55) HPs)
             Began as a Meteoran Reaver on Jan 27, 2023.
             Demolished by an iguana (20 damage)
             ... on level 5 of the Dungeon.
             The game lasted 00:13:11 (1331 turns).

lunkers the Conjurer (Meteoran Reaver)              Turns: 1331, Time: 00:13:12

HP:   -16/7 (55)    AC:  4    Str: 19    XL:     7   Next: 60%
MP:   3/12          EV: 12    Int: 17    God:
Gold: 97            SH:  0    Dex: 13    Spells: 5/11 levels left

rFire   . . .      SeeInvis .    a - +0 mace
rCold   . . .      Faith    .    l - orb {mayhem}
rNeg    . . .      Spirit   .    b - +0 leather armour
rPois   .          Reflect  .    i - +0 helmet
rElec   .          Harm     .    (no cloak)
rCorr   +          Rampage  .    (no gloves)
Will    .....                    (no boots)
Stlth   +                        (no amulet)
HPRegen 0.21/turn                d - ring of resist corrosion
MPRegen 0.13/turn                k - +6 ring of strength

@: lethally poisoned (-16 -> -24), immotile, glowing, extremely drained
A: sense surroundings 1, otherworldly, glowing, explore regen
a: no special abilities


You were on level 5 of the Dungeon.
You visited 1 branch of the dungeon, and saw 5 of its levels.

You collected 97 gold pieces.

Inventory:

Hand Weapons
 a - a +0 mace (weapon)
Armour
 b - a +0 leather armour (worn)
 i - a +0 helmet (worn)
 l - an orb of mayhem (worn)
Jewellery
 d - a ring of resist corrosion (left hand)
 k - a +6 ring of strength (right hand)
Scrolls
 f - 2 scrolls of magic mapping {unknown}
 g - a scroll of teleportation {unknown}
 h - 2 scrolls of butterflies {unknown}
 j - a scroll of fog {unknown}
 n - a scroll of brand weapon {unknown}
Potions
 c - 3 potions of attraction
 e - a potion of curing
 m - a potion of mutation


   Skills:
 - Level 2.1 Fighting
 - Level 6.6 Maces & Flails
 - Level 2.4 Dodging
 - Level 2.6 Spellcasting
 * Level 7.6 Conjurations
 + Level 2.0 Ice Magic


You had 5 spell levels left.
You knew the following spells:

 Your Spells              Type           Power      Damage    Failure   Level
b - Momentum Strike       Conj/Tloc      30%        3d8       7%          2
c - Hailstorm             Conj/Ice       18%        3d6       9%          3
p - Kiss of Death         Conj/Necr      60%        2d10      4%          1

Your spell library contained the following spells:

 Spells                   Type           Power      Damage    Failure   Level


Dungeon Overview and Level Annotations

Branches:
Dungeon (5/15) Zot: 1629
 Temple: D:4-7

Altars:
Ashenzari
Nemelex Xobeh
Qazlal
Uskayaw
The Shining One


Innate Abilities, Weirdness & Mutations

You passively map a small area around you.
You are easily found by Zot.
You glow in the dark.
You regain HP and MP as you explore.


Message History

The spell is extremely dangerous to miscast (9% risk of failure)!
Continue anyway?
Casting: Hailstorm (extremely dangerous; 9% risk of failure)
Press: ? - help, Dir - look around, f - activate A cannonade of hail descends around you!
The hail pelts the iguana.
The iguana is lightly wounded.
The scorpion stings you.
You are lethally poisoned!
The scorpion poisons you! The scorpion stings you.
Unknown command.
Casting: Hailstorm (extremely dangerous; 9% risk of failure)
Confirm with . or Enter, or press ? or * to list all spells.
The spell is extremely dangerous to miscast (9% risk of failure)!
Continue anyway?
Casting: Hailstorm (extremely dangerous; 9% risk of failure)
Press: ? - help, Dir - look around, f - activate A cannonade of hail descends around you!
The hail pelts the iguana!
The iguana is heavily wounded.
You feel very sick.
The scorpion stings you but does no damage.
Unknown command.
Unknown command.
Unknown command.
You aren't carrying any items that you can evoke.
Unknown command.
Okay, then.
Casting: Hailstorm (extremely dangerous; 9% risk of failure)
Confirm with . or Enter, or press ? or * to list all spells.
Aiming: Kiss of Death (safe; 4% risk of failure)
Press: ? - help, Shift-Dir - straight line, f - scorpion
Aim: a scorpion (severely wounded, 100% to hit)
The negative energy hits the scorpion!
The scorpion is drained!
You kill the scorpion!
The iguana flies into a frenzy!
You feel drained.
* * * LOW HITPOINT WARNING * * *
You feel very sick.
The iguana bites you but does no damage.
The iguana bites you!!
Ouch! That really hurt!
You die...

, * * * , * , * , * * #
, * #.. * #######* #...#
* ...... ,
,,#...######### *
....######* #...@.......
.................l....##
* * ..<.#*
######......## ....#
##.###.# * .....$#* #..
.#, , ......... ** * ###
.. .......... , * * .
.......... * *
.?........ ,, , , *


You could see a neutral iguana (fast, strong, insane).

Vanquished Creatures
  Eustachio (D:4)
  A sky beast (D:3)
  A scorpion (D:5)
  An orc priest (D:4)
  A jelly (D:4)
  Natasha (D:4)
  An iguana (D:3)
  An orc wizard (D:4)
  Robin (D:3)
  An adder (D:3)
  A worm (D:3)
  2 dart slugs
  11 orcs
  5 ball pythons
  5 endoplasms
  3 giant cockroaches
  11 goblins
  5 hobgoblins
  4 jackals
  4 quokkas
  2 bats (D:1)
  2 frilled lizards
  5 kobolds
  A rat (D:1)
71 creatures vanquished.

Vanquished Creatures (others)
  A plant (D:4)
1 creature vanquished.

Grand Total: 72 creatures vanquished

Notes
Turn   | Place    | Note
-------+----------+-------------------------------------------
     0 | D:1      | lunkers the Meteoran Reaver began the quest for the Orb.
     0 | D:1      | Reached XP level 1. HP: 17/17 MP: 5/5
   110 | D:1      | Reached skill level 4 in Conjurations
   116 | D:1      | Reached XP level 2. HP: 16/24 MP: 6/6
   239 | D:1      | Reached XP level 3. HP: 20/29 MP: 8/8
   443 | D:2      | You fall into a shaft and drop 1 floor!
   571 | D:3      | Noticed Robin
   620 | D:3      | Killed Robin
   621 | D:3      | Reached skill level 5 in Conjurations
   621 | D:3      | Reached XP level 4. HP: 19/32 MP: 7/9
   783 | D:4      | Noticed Eustachio
   796 | D:3      | Reached skill level 5 in Maces & Flails
   874 | D:3      | Learned a level 2 spell: Momentum Strike
   878 | D:3      | Learned a level 3 spell: Hailstorm
   914 | D:4      | Killed Eustachio
   914 | D:4      | Noticed a sky beast
   915 | D:4      | Reached skill level 6 in Conjurations
   915 | D:4      | Reached XP level 5. HP: 26/41 MP: 0/10
   915 | D:4      | Reached XP level 6. HP: 30/48 MP: 0/11
  1047 | D:3      | Killed a sky beast
  1048 | D:3      | Reached skill level 7 in Conjurations
  1048 | D:3      | Reached skill level 1 in Ice Magic
  1048 | D:3      | Reached XP level 7. HP: 21/36 MP: 4/12
  1212 | D:4      | Found a stormy altar of Qazlal.
  1213 | D:4      | Found a broken altar of Ashenzari.
  1215 | D:4      | Noticed Natasha
  1216 | D:4      | Found a glowing golden altar of the Shining One.
  1218 | D:4      | Found a sparkling altar of Nemelex Xobeh.
  1221 | D:4      | Killed Natasha
  1230 | D:4      | Found a hide-covered altar of Uskayaw.
  1261 | D:5      | Entered Level 5 of the Dungeon
  1331 | D:5      | Demolished by an iguana

Illustrated notes

Levels and vault maps discovered:
D:1:      tarquinn_simple_flora_water_e, layout_loops_ring, corner_web_ring
D:2:      layout_rooms
D:3:      layout_loops_ring, amethyst_overflow_temple_binary, uniq_robin
D:4:      layout_cave_pools, minitemple, mainiacjoe_overflow_chevrons,
          serial_bayou_pond_e, minmay_misc_feat_encased, uniq_natasha,
          uniq_eustachio
D:5:      layout_rooms, nicolae_overflow_two_pavilions,
          minmay_temple_entry_junction, kennysheep_generic_room_6

Skill      XL: |  1  2  3  4  5  6  7 |
---------------+----------------------+-----
Conjurations   | 4 5 6 7 |  7.6
Maces & Flails | 6 |  6.6
Ice Magic      | 1 2 |  2.0
Fighting       | |  2.1
Dodging        | |  2.4
Spellcasting   | |  2.6

Action                     |  1- 3 |  4- 6 |  7- 9 || total
---------------------------+-------+-------+-------++-------
  Melee: Mace              |   118 |    61 |    42 ||   221
   Cast: Kiss of Death     |     1 |     5 |     4 ||    10
         Momentum Strike   |       |     5 |     2 ||     7
         Hailstorm         |       |     3 |     4 ||     7
    Use: Scroll            |       |       |     3 ||     3
 Armour: Leather armour    |    36 |    14 |    16 ||    66
  Dodge: Dodged            |    75 |    49 |    34 ||   158

Table legend: (Time is in decaauts)
 A = Elapsed time spent in this place.
 B = Non-inter-level travel time spent in this place.
 C = Inter-level travel time spent in this place.
 D = Time resting spent in this place.
 E = Time spent auto-exploring this place.
 F = Levels seen in this place.
 G = Mean time per level.
                   A        B        C        D        E       F      G
               +--------+--------+--------+--------+--------+-----+--------+
         Total |   1369 |   1245 |    124 |      0 |    576 |   5 |  273.8 |
       Dungeon |   1369 |   1245 |    124 |      0 |    576 |   5 |  273.8 |
               +--------+--------+--------+--------+--------+-----+--------+

Top non-repeatable levels by time:
     D:3: 578 daAuts
     D:1: 456 daAuts
     D:4: 326 daAuts
     D:5: 8 daAuts
     D:2: 0 daAuts
